 Dungeon Crawl Stone Soup version 0.31-a0-345-g1ebeae05c6 (webtiles) character file.

Game seed: 13208930013249984939

1707679 Shard1697 the Warmonger (level 26, 354/354 HPs)
             Began as a White Draconian Necromancer on July 21, 2023.
             Was a High Priest of Okawaru.
             Escaped with the Orb
             ... and 3 runes on July 22, 2023!
             The game lasted 02:27:44 (65668 turns).

Shard1697 the Warmonger (DrNe)                     Turns: 65668, Time: 02:27:45

Health: 354/354    AC: 25    Str: 25    XL:     26   Next: 21%
Magic:  41/41      EV: 18    Int: 19    God:    Okawaru [*****.]
Gold:   3675       SH:  0    Dex: 18    Spells: 14/46 levels left

rFire   + .          .
                       - Unarmed
rCold   + + .        Q - melded +4 tower shield {rC+ rF+}
rNeg    . . .        (body armour unavailable)
rPois   +            (helmet currently unavailable)
rElec   .            z - melded +2 cloak {Will+}
rCorr   .            W - melded +4 pair of gloves "Zogreguck" {Drain rF++ rC++}
SInv    .            I - melded +1 pair of boots of Eterph {rN+ SInv Stlth+}
Will    ++...        H - amulet of regeneration
Stlth   +            G - ring of Winoniet {rF+ Will+}
HPRegen 1.59/turn    t - ring of Qakhedurgh {rF+ Str+4}
MPRegen 0.27/turn

%: no passive effects
@: dragon-form, flying, studying Air Magic
A: dragon claw, dragon scales, flying, boosted hp, breathe frost, AC +12, giant,
unfitting armour, (cold resistance 1), (cold-blooded), high MP 1, weak 1,
inability to drink after injury 1, inability to read after injury 1
0: Orb of Zot
}: 3/15 runes: decaying, serpentine, abyssal
a: Breathe Frost, Begin Untransformation, Renounce Religion, Heroism, Finesse,
Duel


You escaped.
You worshipped Okawaru.
Okawaru was extremely pleased with you.
You were a fearsome ice dragon!
You visited 10 branches of the dungeon, and saw 47 of its levels.
You visited the Abyss 4 times.
You also visited: Ossuary, Bailey, Gauntlet, Ice Cave and Desolation.

You collected 8282 gold pieces.
You spent 4607 gold pieces at shops.

Inventory:

Missiles
 E - 8 throwing nets
Armour
 b - the +1 hat of the Tundras {rF++ Str+4 Dex-3}
   (Okawaru gifted it to you on level 4 of the Vaults)

   Str:       It affects your strength (+4).
   Dex:       It affects your dexterity (-3).
   rF:        It greatly protects you from fire.
 z - a +2 cloak of willpower (melded)
 I - the +1 pair of boots of Eterph (melded) {rN+ SInv Stlth+}
   (Okawaru gifted it to you on level 4 of the Lair of Beasts)

   rN:        It protects you from negative energy.
   SInv:      It lets you see invisible.
   Stlth:     It makes you more stealthy.
 P - the +2 pair of slick slippers {slick, slippery, EV+4}
   (Okawaru gifted it to you on level 3 of the Snake Pit)

   Slick:     Its wearer cannot be constricted, engulfed, netted or webbed.
   Slippery:  Its wearer slips away from damaging melee attacks, pulling the
   attacker onward.
   EV:        It affects your evasion (+4).
 Q - a +4 tower shield of resistance (melded)
 W - the +4 pair of gloves "Zogreguck" (melded) {Drain rF++ rC++}
   (Okawaru gifted it to you on level 4 of the Swamp)

   rF:        It greatly protects you from fire.
   rC:        It greatly protects you from cold.
   Drain:     It drains your maximum health when unequipped.
Jewellery
 g - the ring of Kaes {AC+4 Int+5}
   (You bought it in a shop on level 2 of the Orcish Mines)

   [ring of protection]

   AC:        It affects your AC (+4).
   Int:       It affects your intelligence (+5).
 t - the ring of Qakhedurgh (right foreclaw) {rF+ Str+4}
   (You found it in the Desolation of Salt)

   [ring of protection from fire]

   Str:       It affects your strength (+4).
   rF:        It protects you from fire.
 B - the ring "Tene" {Str+2 Dex+6 SInv}
   (You acquired it on level 10 of the Dungeon)

   [ring of dexterity]

   Str:       It affects your strength (+2).
   Dex:       It affects your dexterity (+6).
   SInv:      It lets you see invisible.
 C - the ring "Qonisarph" {rPois Str+4 Dex+6}
   (You acquired it on level 10 of the Dungeon)

   [ring of dexterity]

   Str:       It affects your strength (+4).
   Dex:       It affects your dexterity (+6).
   rPois:     It protects you from poison.
 G - the ring of Winoniet (left foreclaw) {rF+ Will+}
   (You took it off an orc on level 8 of the Dungeon)

   [ring of willpower]

   rF:        It protects you from fire.
   Will:      It increases your willpower.
 H - an amulet of regeneration (around neck)
 O - the ring "Liked" {Fly rElec rN+ Str+5}
   (You bought it in a shop on level 2 of the Orcish Mines)

   [ring of positive energy]

   Str:       It affects your strength (+5).
   rElec:     It insulates you from electricity.
   rN:        It protects you from negative energy.
   Fly:       It grants you flight.
 S - a ring of resist corrosion
 X - the ring "Jokla" {rF+ rN+++ Will+ MP+9 Dex-4}
   (You found it in the Desolation of Salt)

   [ring of magical power]

   Dex:       It affects your dexterity (-4).
   rF:        It protects you from fire.
   rN:        It renders you almost immune to negative energy.
   MP:        It affects your magic capacity (+9).
   Will:      It increases your willpower.
Talismans
 k - a dragon-blood talisman
 o - a talisman of death
 M - a storm talisman
 U - a granite talisman
Wands
 l - a wand of roots (52)
 y - a wand of quicksilver (21)
 D - a wand of digging (2)
 V - a wand of mindburst (29)
Scrolls
 j - 25 scrolls of teleportation
 q - 3 scrolls of amnesia
 s - 2 scrolls of fog
 u - 12 scrolls of blinking
 w - 33 scrolls of identify
 x - 11 scrolls of poison
 A - 8 scrolls of fear
 J - 3 scrolls of silence
 L - 2 scrolls of revelation
Potions
 a - 3 potions of magic
 d - 7 potions of might
 e - 14 potions of curing
 f - 4 potions of lignification
 h - 8 potions of haste
 i - 7 potions of enlightenment
 m - a potion of resistance
 p - 8 potions of brilliance
 r - 4 potions of mutation
 F - 5 potions of heal wounds
 K - 2 potions of berserk rage
 N - 2 potions of ambrosia
 R - a potion of invisibility
Miscellaneous
 v - a lightning rod (4/4)


   Skills:
 + Level 19.3 Fighting
 + Level 19.3 Dodging
 - Level 6.0 Stealth
 + Level 19.5 Unarmed Combat
 - Level 10.7 Spellcasting
 - Level 6.3 Hexes
 - Level 11.9 Necromancy
 - Level 8.0 Translocations
 - Level 7.5 Earth Magic
 + Level 21.0 Invocations
 + Level 20.2 Shapeshifting


You had 14 spell levels left.
You knew the following spells:

 Your Spells              Type           Power      Damage    Failure   Level
a - Vampiric Draining     Necr           53%        2d9       1%          3
b - Blink                 Tloc           80%        N/A       1%          2
c - Passage of Golubria   Tloc           40%        N/A       2%          4
d - Lesser Beckoning      Tloc           80%        N/A       1%          2
e - Borgnjor's Revivific  Necr           26%        N/A       98%         8
f - Borgnjor's Vile Clut  Necr/Erth      23%        N/A       3%          5
g - Leda's Liquefaction   Hex/Erth       18%        N/A       4%          4
t - Manifold Assault      Tloc           40%        N/A       2%          4

Your spell library contained the following spells:

 Spells                   Type           Power      Damage    Failure   Level
 Apportation              Tloc           80%        N/A       1%          1
 Kiss of Death            Conj/Necr      100%       2d13      1%          1
 Necrotise                Necr           100%       1d9       1%          1
 Slow                     Hex            100%       N/A       1%          1
 Momentum Strike          Conj/Tloc      50%        3d9       1%          2
 Sublimation of Blood     Necr           53%        N/A       1%          2
 Gell's Gravitas          Tloc           40%        N/A       1%          3
 Portal Projectile        Hex/Tloc       74%        N/A       1%          3
 Teleport Other           Tloc           40%        N/A       1%          3
 Agony                    Necr           53%        N/A       1%          5
 Volatile Blastmotes      Fire/Tloc      50%        2d14      4%          3
 Dazzling Flash           Conj/Hex       44%        N/A       5%          3
 Inner Flame              Hex/Fire       22%        N/A       5%          3
 Foxfire                  Conj/Fire      40%        2x1d6     7%          1
 Magic Dart               Conj           40%        1d5       7%          1
 Shock                    Conj/Air       40%        1d5       7%          1
 Lee's Rapid Deconstruct  Erth           19%        3d11*     9%          5
 Searing Ray              Conj           20%        2d5       11%         2
 Iskenderun's Mystic Bla  Conj/Tloc      25%        2d7       13%         4
 Fulminant Prism          Conj/Hex       11%        3d9       19%         4
 Ignite Poison            Fire/Tmut/Pois 10%        N/A       21%         3
 Mephitic Cloud           Conj/Pois/Air  10%        N/A       21%         3
 Swiftness                Air            10%        N/A       21%         3
 Dispersal                Tloc           20%        N/A       36%         6
 Silence                  Hex/Air        11%        N/A       45%         5
 Yara's Violent Unravell  Hex/Tmut       11%        3d6       45%         5
 Airstrike                Air            5%         2d(1-17)  56%         4
 Olgreb's Toxic Radiance  Pois           10%        N/A       56%         4
 Sticky Flame             Conj/Fire      10%        2d3       56%         4
 Alistair's Intoxication  Tmut/Pois      6%         N/A       88%         5
 Arcjolt                  Conj/Air       5%         1d15      88%         5
 Iskenderun's Battlesphe  Conj           10%        2d6       88%         5
 Leda's Unmaking          Conj/Erth      12%        9d3       92%         6
 Enfeeble                 Hex            17%        N/A       99%         7
 Conjure Ball Lightning   Conj/Air       5%         3x3d6     100%        6
 Eringya's Noxious Bog    Tmut/Pois      5%         4d6       100%        6
 Plasma Beam              Fire/Air       5%         2x1d15    100%        6
 Starburst                Conj/Fire      5%         6d4       100%        6
 Ozocubu's Refrigeration  Ice            5%         4d8       100%        7
 Discord                  Hex            17%        N/A       100%        8
 Disjunction              Tloc           20%        N/A       100%        8
 Ignition                 Fire           5%         3d4       100%        8
 Lehudib's Crystal Spear  Conj/Erth      12%        10d4      100%        8
 Maxwell's Capacitive Co  Air            5%         ∞         100%        8
 Death's Door             Necr           26%        N/A       100%        9
 Polar Vortex             Ice            5%         N/A       100%        9
 Tukima's Dance           Hex            Unusable   N/A       N/A         3
 Animate Dead             Necr           Unusable   N/A       N/A         4
 Summon Small Mammal      Summ           Unusable   N/A       N/A         1
 Call Imp                 Summ           Unusable   N/A       N/A         2
 Call Canine Familiar     Summ           Unusable   N/A       N/A         3
 Summon Lightning Spire   Summ/Air       Unusable   N/A       N/A         4
 Simulacrum               Ice/Necr       Unusable   N/A       N/A         6
 Haunt                    Necr/Summ      Unusable   N/A       N/A         7
 Malign Gateway           Summ/Tloc      Unusable   N/A       N/A         7
 Monstrous Menagerie      Summ           Unusable   N/A       N/A         7
 Spellforged Servitor     Conj/Summ      Unusable   N/A       N/A         7

Dungeon Overview and Level Annotations

Branches:
Dungeon (15/15)            Temple (1/1) D:4            Lair (5/5) D:11
  Swamp (4/4) Lair:3        Snake (4/4) Lair:2        Slime (0/5) Lair:5
    Orc (2/2) D:11            Elf (3/3) Orc:2        Vaults (4/5) D:14
  Crypt (0/3) Vaults:3     Depths (4/4) D:15            Zot (5/5) Depths:4
Ossuary (visited)          Bailey (visited)           IceCv (visited)
Desolation (visited)      Gauntlet (visited)

Altars:
Ashenzari
Cheibriados
Dithmenos
Elyvilon
Fedhas
Gozag
Hepliaklqana
Kikubaaqudgha
Makhleb
Nemelex Xobeh
Okawaru
Qazlal
Ru
Sif Muna
Trog
Uskayaw
Vehumet
Wu Jian
Xom
Yredelemnul
Zin
The Shining One

Shops:
D:6 :   D:9 :   D:11 *   Orc:1 :   Orc:2 (**=   Elf:2 :   Elf:3 (   Snake:2 [[
Snake:3 ::=   Vaults:3 *=*([   Vaults:4 [

Portals:
Hell: Depths:1 Depths:2 Depths:3 Depths:4
Abyss: Depths:3
Pandemonium: Depths:2 Depths:3 Depths:4
Ziggurat: Depths:2

Annotations:
D:4 Eustachio
D:7 1 runed translucent door, osoart's ghost, novice MfSh
D:10 1 runed translucent door, HilariousDeathArtist's ghost, journeyman VSFE
D:12 2 runed translucent doors, Savior361's ghost, journeyman DrSh
Lair:1 exclusion: oklob plant
Zot:1 2 runed translucent doors, Bealaq's ghost, legendary GnFE
Zot:3 1 transporter
Zot:5 36 runed doors


Innate Abilities, Weirdness & Mutations

You are a fearsome ice dragon!
You have a powerful clawing attack.
Your giant scaled body is strong and resiliant, but less evasive.
Your breath weapon is enhanced in this form.
You are flying.
Your maximum health is greatly increased.
Your armour is entirely melded.
You are incapable of wielding weapons or throwing items.
You can breathe waves of freezing cold which knock back foes.
Your icy white scales are hard. (AC +12)
You cannot fit into any form of body armour.
((Your flesh is cold resistant. (rC+)))
((You are cold-blooded and may be slowed by cold attacks.))
You have an increased reservoir of magic. (+10% MP)
You are weak. (Str -2)
You occasionally lose the ability to drink potions when taking damage.
You occasionally lose the ability to read scrolls when taking damage.


Message History

The Orb Guardian is almost dead.
The Orb Guardian completely misses you.
You maul the Orb Guardian!!!
You kill the Orb Guardian!
Okawaru accepts your kill.
No target in view!
HP restored.
There is a stone staircase leading down here.
There is a stone staircase leading up here.
You fly upwards.
There is a stone staircase leading down here.
You see here a +0 leather armour.
There is a stone staircase leading up here.
You fly upwards.
Level annotation: Eustachio
There is a stone staircase leading down here.
There is a stone staircase leading up here.
You fly upwards.
There is a stone staircase leading down here.
There is a stone staircase leading up here.
You fly upwards.
There is a stone staircase leading down here.
There is a stone staircase leading down here.
You see here a +0 robe.
There is a stone staircase leading up here.
You fly upwards.
There is a stone staircase leading down here.
A great orb of eyes comes into view.
The great orb of eyes turns its gaze towards you.
You hit the great orb of eyes.
You tail-slap the great orb of eyes, but do no damage.
The great orb of eyes is lightly wounded.
You maul the great orb of eyes!!!
Your tail-slap misses the great orb of eyes.
You claw the great orb of eyes!
You kill the great orb of eyes!
Okawaru accepts your kill.
No target in view!
There is a staircase leading out of the dungeon here.
You have escaped!

#..........#...#........###.##
#.....#######.#######...###.##
#.....# ##.......## #...##....
##.#..###.........###...##....
#....##...........##.........
#....#.............#.........
##..##.............##..##....
##..#§#.............#≈#..#....
#..#≈§§......D......≈≈≈#......
##..#≈#.............#≈#..##...
######..##..........[..##........
....###..#.............#...###.##
(...##...##...........##.........
....##...###.........###....##..#
.........# ##.......## #.........
....###..#######.#######........#
....# #.......#...#........#.#..#


There were no monsters in sight!

Vanquished Creatures
  3 dread liches
  2 ancient liches (Zot:5)
  6 orbs of fire
  2 juggernauts
  Bai Suzhen (Snake:4)
  Boris (Vaults:2)
  Xtahua (Vaults:2)
  5 Killer Klowns (Zot:5)
  3 curse toes
  Saint Roka (Vaults:1)
  Vashnia (Snake:4)
  Nikola (Snake:3)
  7 golden dragons
  Jory (Vaults:4)
  A profane servitor (Abyss:3)
  6 bone dragons
  10 electric golems
  An Ice Fiend (D:15)
  Zenata (Vaults:1)
  17 tentacled monstrosities
  Mlioglotl (Swamp:2)
  A walking earthen tome (Depths:3)
  A walking crystal tome (Zot:2)
  3 liches
  3 deep elf blademasters
  24 Orb Guardians
  4 titans (Depths:3)
  A kraken (Abyss:3)
  2 walking divine tomes
  4 quicksilver dragons
  8 tentacled starspawn (Abyss:3)
  2 deep elf master archers (Elf:3)
  7 death cobs
  The ghost of Zapal the Geomancer, an adept DgEE (Snake:3)
  Gastronok (Orc:1)
  14 shadow dragons
  6 sphinxes
  Aizul (Elf:1)
  12 storm dragons
  A thorn hunter (Swamp:4)
  Kirke (D:12)
  A tengu reaver (Depths:3)
  5 draconian monks
  Roxanne (Elf:1)
  4 nagarajas (Snake:4)
  5 draconian knights
  3 fire giants
  Donald (Lair:2)
  2 narguns (Zot:2)
  4 frost giants
  2 iron dragons (Depths:3)
  8 draconian scorchers
  5 deep elf sorcerers
  2 imperial myrmidons (Desolation)
  2 balrugs (Abyss:3)
  14 vault wardens
  Louise (Snake:1)
  18 ironbound preservers
  5 draconian shifters
  9 draconian stormcallers
  A war gargoyle (Vaults:4)
  7 deep elf elementalists
  2 cacodemons
  2 ghost moths (Zot:5)
  5 orc warlords
  3 reapers
  20 very ugly things
  4 draconian annihilators
  10 stone giants
  9 ironbound thunderhulks
  11 black draconians
  3 deep elf demonologists (Elf:3)
  4 vampire knights
  A bunyip (Swamp:2)
  2 halazid warlocks (Desolation)
  5 deep elf annihilators (Elf:3)
  12 yellow draconians
  8 white draconians
  A minotaur (Gauntlet)
  11 green draconians
  9 purple draconians
  6 eleionomae
  9 dire elephants
  8 spark wasps
  10 red draconians
  A blizzard demon (Depths:1)
  4 deep elf death magi (Elf:3)
  4 crystal guardians
  2 merfolk javelineers (Depths:1)
  2 shambling mangroves
  2 deep elf high priests (Elf:3)
  20 yaktaur captains
  A green death (Depths:4)
  2 entropy weavers
  9 ettins
  5 great orbs of eyes
  5 fire dragons
  12 vault guards
  Fannar (Lair:3)
  10 ice dragons
  3 servants of whispers (Desolation)
  7 ragged hierophants (Desolation)
  28 hydras
  2 salamander tyrants
  3 rakshasas
  A hell beast (Depths:2)
  6 spriggan air magi
  8 peacekeepers
  14 ironbound frosthearts
  2 ghost crabs
  3 catoblepae (Lair:5)
  A boulder beetle (Vaults:3)
  28 dancing weapons
  11 anacondas
  19 naga warriors
  6 two-headed ogres
  A death knight (D:14)
  3 tengu warriors
  4 deep troll shamans (Depths:2)
  16 alligators
  11 death yaks (Lair:5)
  2 hell hogs (Abyss:3)
  8 centaur warriors
  4 demonic crawlers
  6 deep troll earth magi
  6 shock serpents
  12 naga sharpshooters
  3 spriggan berserkers
  11 hell knights
  5 orc high priests
  2 soul eaters
  11 thrashing horrors (Abyss:3)
  A skyshark (shapeshifter) (Depths:2)
  8 spriggans
  15 deep elf knights
  A titan skeleton (Depths:1)
  9 sun demons
  9 iron trolls
  4 sixfirhies
  A skyshark (Lair:4)
  6 wretched stars (Abyss:3)
  5 skeletal warriors (D:15)
  Amaemon (Lair:1)
  54 deep trolls
  5 goliath frogs
  2 flayed ghosts
  3 glowing orange brains
  An orb spider (Abyss:3)
  2 spriggan druids
  7 salamander mystics
  7 naga ritualists
  14 lindwurms
  2 bog bodies (Swamp:4)
  8 deep elf archers
  7 wizards
  13 swamp dragons
  22 orc knights
  23 deep elf pyromancers
  2 phantasmal warriors (Depths:3)
  2 tengu zombies (Depths:1)
  22 deep elf zephyrmancers
  3 necromancers
  26 ironbound convokers
  4 orc sorcerers
  A worldbinder (Abyss:3)
  A shining eye (Depths:2)
  11 mana vipers
  21 salamanders
  3 cyclopes
  7 will-o-the-wisps
  34 ugly things
  5 elephants (Lair:1)
  7 manticores
  3 apocalypse crabs (Abyss:3)
  35 black mambas
  A black mamba (shapeshifter) (D:15)
  12 guardian serpents
  31 moths of wrath
  5 rust devils
  4 ice statues
  5 gargoyles
  5 orange demons
  13 cane toads
  A smoke demon (Abyss:3)
  15 naga magi
  10 centaur skeletons (D:13)
  3 unseen horrors
  23 vault sentinels
  Psyche (D:8)
  Maggie (D:8)
  3 rime drakes
  A spark wasp simulacrum (Depths:1)
  A hellion (Depths:2)
  29 yaktaurs
  3 kobold demonologists
  10 komodo dragons
  4 efreet
  2 tormentors
  8 freezing wraiths
  2 tengu conjurers
  12 ice devils
  6 ancient zymes (Abyss:3)
  3 hellwings (Gauntlet)
  5 tyrant leeches
  9 trolls
  A polar bear (Lair:5)
  A snapping turtle (shapeshifter) (Elf:2)
  A sphinx simulacrum (Depths:1)
  A hornet (shapeshifter) (Abyss:3)
  2 bloated husks (Swamp:2)
  Prince Ribbit (D:8)
  12 hornets
  Grinder (D:4)
  50 saltlings (Desolation)
  5 raiju (Abyss:3)
  A meliai zombie (D:13)
  7 dream sheep (Lair:5)
  A raiju (shapeshifter) (D:14)
  13 blink frogs
  28 slime creatures
  2 spriggan skeletons
  An air elemental (Elf:3)
  A flying skull (Abyss:3)
  5 ynoxinuls
  12 water elementals
  A shadow (Abyss:3)
  6 wraiths
  6 wyverns
  15 large abominations (Abyss:3)
  5 basilisks
  2 fire elementals
  A vampire (D:12)
  61 yaks
  3 humans (D:12)
  3 steam dragons
  2 death yak simulacra (IceCv)
  5 redbacks
  8 neqoxecs
  A glowing shapeshifter zombie (Depths:1)
  3 vampire mosquitoes (D:13)
  4 chaos spawn (Abyss:3)
  48 nagas
  13 water moccasins
  9 swamp worms
  A harpy simulacrum (IceCv)
  2 acid dragons (D:11)
  2 wargs
  2 hell hounds (Abyss:3)
  14 swamp drakes
  A floating eye (shapeshifter) (Elf:1)
  32 orc warriors
  An ice beast (D:6)
  A sky beast (Abyss:3)
  3 black bears
  A swamp drake (shapeshifter) (Depths:2)
  7 ogres
  A sky beast (shapeshifter) (D:13)
  13 wolves
  6 centaurs
  Blork the orc (D:6)
  5 elf zombies (Ossuary)
  3 kobold brigands
  6 bullfrogs
  A cane toad simulacrum (IceCv)
  3 earth elementals
  5 scorpions
  3 two-headed ogre simulacra (IceCv)
  4 wights (D:8)
  11 small abominations (Abyss:3)
  2 elephant simulacra (IceCv)
  11 killer bees
  13 electric eels
  A crimson imp (Abyss:3)
  6 howler monkeys (D:8)
  2 quasits (Abyss:3)
  8 centaur zombies
  A lava snake (D:11)
  9 jellies
  11 hounds
  19 orc priests
  A sleepcap (D:6)
  4 human zombies (Ossuary)
  An iron imp (Abyss:3)
  8 starcursed masses
  Crazy Yiuf (D:2)
  Terence (D:3)
  Jessica (D:2)
  An iguana (D:7)
  2 boggart zombies (D:13)
  4 hell rats (Lair:4)
  24 orc wizards
  2 troll simulacra (IceCv)
  2 boggart skeletons (D:13)
  2 spriggan simulacra (IceCv)
  3 wolf simulacra (IceCv)
  3 mummies (Ossuary)
  3 gnolls (Bailey)
  7 adders
  A naga simulacrum (IceCv)
  A shadow imp (Gauntlet)
  7 white imps
  6 ufetubi
  A worm (D:5)
  4 dart slugs
  96 orcs
  24 endoplasms
  3 giant cockroaches
  12 goblins
  16 hobgoblins
  5 jackals (D:3)
  15 kobolds
  4 quokkas
  3 ball pythons
  6 bats
  A frilled lizard (D:2)
  6 rats
  7 starspawn tentacles (Abyss:3)
  4 tentacles (Abyss:3)
2242 creatures vanquished.

Vanquished Creatures (others)
  An eleionoma (Swamp:2)
  A fire crab (Abyss:3)
  A goliath frog (Swamp:2)
  A guardian serpent (Desolation)
  3 bloated husks (Swamp:2)
  A swamp drake (Swamp:4)
  A hound (D:11)
  An orc wizard (D:9)
  An orc (Orc:2)
  20 foxfires
  20 starspawn tentacles (Abyss:3)
  16 tentacles (Abyss:3)
67 creatures vanquished.

Grand Total: 2309 creatures vanquished

Notes
Turn   | Place    | Note
-------+----------+-------------------------------------------
     0 | D:1      | Shard1697 the Draconian Necromancer began the quest for the
                  | Orb.
     0 | D:1      | Reached XP level 1. HP: 14/14 MP: 3/3
   167 | D:1      | Reached XP level 2. HP: 20/20 MP: 5/5
   587 | D:1      | Reached XP level 3. HP: 26/26 MP: 1/7
   742 | D:2      | Noticed Jessica
   747 | D:2      | Killed Jessica
   754 | D:2      | Learned a level 3 spell: Vampiric Draining
   835 | D:2      | Identified the +0 helmet of Reason {Drain rF+ rC+ Stlth+}
  1134 | D:2      | Reached XP level 4. HP: 33/33 MP: 6/8
  1416 | D:2      | Found a runed translucent door.
  1417 | D:2      | Noticed Crazy Yiuf
  1593 | D:2      | Killed Crazy Yiuf
  1594 | D:2      | Reached skill level 5 in Necromancy
  1731 | D:3      | Found a glowing silver altar of Zin.
  1760 | D:3      | Found a stormy altar of Qazlal.
  1828 | D:3      | Noticed Terence
  1983 | D:3      | Killed Terence
  1984 | D:3      | Reached skill level 1 in Shapeshifting
  1984 | D:3      | Reached XP level 5. HP: 33/38 MP: 4/10
  2586 | D:4      | Found an ornate altar of the Wu Jian Council.
  2621 | D:4      | Learned a level 4 spell: Animate Dead
  2681 | D:4      | Noticed Eustachio
  2873 | D:4      | Reached XP level 6. HP: 41/45 MP: 6/11
  2948 | D:4      | Found a staircase to the Ecumenical Temple.
  2955 | D:4      | Found a shadowy altar of Dithmenos.
  2957 | Temple   | Entered the Ecumenical Temple
  2985 | Temple   | Became a worshipper of Warmaster Okawaru
  3025 | D:4      | Noticed Grinder
  3041 | D:4      | Paralysed by Grinder for 2 turns
  3045 | D:4      | Killed Grinder
  3082 | D:4      | Your scales start taking on an icy white colour.
  3082 | D:4      | Reached XP level 7. HP: 45/50 MP: 12/12
  3082 | D:4      | Gained mutation: Your flesh is cold resistant. (rC+) [White
                  | Draconian growth]
  3120 | D:4      | Got the Compilation of Ouranomancy and the Tesseract
  3228 | D:5      | Entered Level 5 of the Dungeon
  3392 | D:5      | Reached skill level 5 in Shapeshifting
  3461 | D:5      | Found a sand-covered staircase.
  3469 | Ossuary  | Entered an ossuary
  3486 | Ossuary  | Reached * piety under Okawaru
  3664 | Ossuary  | Reached XP level 8. HP: 40/57 MP: 13/13
  3754 | Ossuary  | Reached ** piety under Okawaru
  4325 | D:5      | Reached skill level 1 in Unarmed Combat
  5250 | D:6      | Found Ritzass's Book Shoppe.
  5578 | D:6      | Noticed Blork the orc
  5719 | D:6      | Killed Blork the orc
  5853 | D:6      | Reached XP level 9. HP: 37/62 MP: 14/14
  6052 | D:6      | Reached *** piety under Okawaru
  6059 | D:6      | Reached skill level 1 in Invocations
  6478 | D:7      | Found a runed translucent door.
  6481 | D:7      | Found a shimmering altar of Xom.
  6481 | D:7      | Noticed osoart's ghost (novice MfSh)
  6481 | D:7      | Noticed a +1 long sword of chaos
  6548 | D:7      | You fall into a shaft and drop 1 floor!
  6580 | D:8      | Noticed Maggie
  6604 | D:8      | Noticed Psyche
  6611 | D:8      | Noticed Prince Ribbit
  6690 | D:8      | Killed Prince Ribbit
  6811 | D:7      | Reached skill level 1 in Fighting
  6811 | D:7      | Reached skill level 5 in Unarmed Combat
  7672 | D:8      | Killed Maggie
  7944 | D:8      | Identified the ring of Winoniet {rF+ Will+}
  8017 | D:8      | Killed Psyche
  8237 | D:8      | Reached XP level 10. HP: 74/77 MP: 15/15
  8525 | D:8      | Identified a scroll of acquirement
  8525 | D:8      | Acquired 1105 gold pieces
  8877 | D:9      | Reached **** piety under Okawaru
  9070 | D:9      | Reached skill level 5 in Fighting
  9070 | D:9      | Reached skill level 2 in Invocations
  9500 | D:9      | Reached skill level 3 in Invocations
  9947 | D:9      | Found Qoballaa's Book Shoppe.
 10031 | D:9      | Reached skill level 4 in Invocations
 10064 | D:9      | Reached skill level 5 in Invocations
 10067 | D:9      | Identified the ring of Wasir {Str+2 Slay+2 SInv}
 10251 | D:10     | Entered Level 10 of the Dungeon
 10343 | D:10     | Found a hazy altar of Hepliaklqana.
 10364 | D:10     | Noticed a centaur warrior
 10370 | D:10     | Killed a centaur warrior
 10370 | D:10     | Reached ***** piety under Okawaru
 10371 | D:10     | Reached XP level 11. HP: 68/92 MP: 16/16
 10443 | D:10     | Acquired the ring "Tene" {Str+2 Dex+6 SInv}
 10445 | D:10     | Acquired the ring "Qonisarph" {rPois Str+4 Dex+6}
 10447 | D:10     | Acquired 904 gold pieces
 10460 | D:10     | Found a flagged portal.
 10538 | Bailey   | Entered a bailey
 10744 | Bailey   | Noticed an orc knight
 10766 | Bailey   | Killed an orc knight
 10854 | Bailey   | Reached skill level 6 in Invocations
 11611 | Bailey   | Found an iron altar of Okawaru.
 11636 | Bailey   | Identified the +2 leather armour of the Dowdy Ladybird
                  | {Regen+ rCorr MP-9 Int+5}
 11647 | Bailey   | Got the Information on Ill Luck
 12019 | D:10     | Found a runed translucent door.
 12019 | D:10     | Noticed HilariousDeathArtist's ghost (journeyman VSFE)
 12056 | D:10     | Found a radiant altar of Vehumet.
 12102 | D:10     | Reached skill level 10 in Unarmed Combat
 12429 | D:11     | Reached skill level 7 in Invocations
 12847 | D:11     | Found a staircase to the Lair.
 13596 | D:11     | Noticed a two-headed ogre
 13680 | D:11     | Found Feiretiq's General Store.
 13689 | D:11     | Bought a potion of resistance for 110 gold pieces
 13706 | D:11     | Identified the +3 mace of Skirmishing {spect, rN+ Int+4
                  | Dex+3}
 13729 | D:11     | Killed a two-headed ogre
 13758 | D:11     | Found a staircase to the Orcish Mines.
 14700 | Lair:1   | Entered Level 1 of the Lair of Beasts
 14781 | Lair:1   | Reached skill level 10 in Fighting
 14800 | Lair:1   | Noticed an oklob plant
 15131 | Lair:1   | Reached skill level 10 in Shapeshifting
 15131 | Lair:1   | Reached XP level 12. HP: 104/106 MP: 17/17
 15309 | Lair:1   | Noticed Amaemon
 15319 | Lair:1   | Killed Amaemon
 16275 | Lair:2   | Noticed Sonja
 16279 | Lair:2   | Sonja changed into Sonja the wolf
 16279 | Lair:2   | Noticed Sonja
 16283 | Lair:2   | Killed Sonja the wolf
 16287 | Lair:2   | Reached ****** piety under Okawaru
 16292 | Lair:2   | Identified the +0 pair of boots of Absence {rElec Str-5
                  | Int+5} (Okawaru gifted it to you on level 2 of the Lair of
                  | Beasts)
 16292 | Lair:2   | Received a gift from Okawaru
 17364 | Lair:2   | Found a staircase to the Snake Pit.
 18288 | Lair:3   | Found a staircase to the Swamp.
 18317 | Lair:3   | Reached XP level 13. HP: 113/113 MP: 18/18
 18334 | Lair:3   | Noticed Fannar
 18360 | Lair:3   | Killed Fannar
 19356 | Lair:4   | Found a gate leading to a gauntlet.
 19365 | Gauntlet | Entered a Gauntlet
 19365 | Gauntlet | Found a transporter.
 19365 | Gauntlet | Found a transporter.
 19366 | Gauntlet | Found a transporter.
 19369 | Gauntlet | Found a transporter.
 19369 | Gauntlet | Found a transporter.
 19369 | Gauntlet | Found a transporter.
 19410 | Gauntlet | Noticed a reaper
 19414 | Gauntlet | Found a transporter.
 19418 | Gauntlet | Found a transporter.
 19428 | Gauntlet | Found a transporter.
 19437 | Gauntlet | Noticed a reaper
 19452 | Gauntlet | Found a transporter.
 19452 | Gauntlet | Found a transporter.
 19456 | Gauntlet | Found a transporter.
 19463 | Gauntlet | Noticed a cacodemon
 19578 | Gauntlet | Killed a reaper
 19614 | Gauntlet | Killed a reaper
 19803 | Gauntlet | Noticed a minotaur
 19815 | Gauntlet | Killed a minotaur
 19817 | Gauntlet | Identified the ring "Zucs" {Wiz +Blink rN+ Dex+3}
 19961 | Lair:4   | Identified the +1 pair of boots of Eterph {rN+ SInv Stlth+}
                  | (Okawaru gifted it to you on level 4 of the Lair of Beasts)
 19961 | Lair:4   | Received a gift from Okawaru
 20679 | Lair:5   | Entered Level 5 of the Lair of Beasts
 20924 | Lair:5   | Reached skill level 15 in Shapeshifting
 20939 | Lair:5   | Learned a level 2 spell: Blink
 20944 | Lair:5   | Learned a level 4 spell: Passage of Golubria
 20949 | Lair:5   | Learned a level 4 spell: Leda's Liquefaction
 21076 | Lair:5   | Reached skill level 1 in Translocations
 21215 | Lair:5   | Reached XP level 14. HP: 122/122 MP: 17/19
 21364 | Lair:5   | Found a staircase to the Slime Pits.
 21499 | Lair:5   | Received a gift from Okawaru
 21707 | Lair:5   | Reached skill level 5 in Dodging
 22139 | D:12     | Noticed Kirke
 22145 | D:12     | Killed Kirke
 22429 | D:12     | Noticed Savior361's ghost (journeyman DrSh)
 22430 | D:12     | Noticed a lich
 22430 | D:12     | Noticed a sphinx
 22563 | D:12     | Identified the +1 pair of boots "Udwaa" {Rampage +Inv}
                  | (Okawaru gifted it to you on level 12 of the Dungeon)
 22563 | D:12     | Received a gift from Okawaru
 22596 | D:12     | Found a runed translucent door.
 22659 | D:12     | Found a runed translucent door.
 23331 | D:13     | Found the +9 sword of Zonguldrok {reap}
 23331 | D:13     | Noticed a bone dragon
 23340 | D:13     | Killed a bone dragon
 24175 | D:14     | Reached XP level 15. HP: 128/128 MP: 20/20
 24366 | D:14     | Identified the +3 buckler "Kadiow" {rC+ Str+5} (Okawaru
                  | gifted it to you on level 14 of the Dungeon)
 24366 | D:14     | Received a gift from Okawaru
 24612 | D:14     | Found a gate to the Vaults.
 25053 | D:15     | Entered Level 15 of the Dungeon
 25054 | D:15     | Found a staircase to the Depths.
 25054 | D:15     | Noticed a fire giant
 25081 | D:15     | Killed a fire giant
 26133 | Orc:1    | Entered Level 1 of the Orcish Mines
 26133 | Orc:1    | Found Vizufom's Book Shop.
 26133 | Orc:1    | Found a frozen archway.
 26138 | Orc:1    | Noticed Gastronok
 26165 | Orc:1    | Killed Gastronok
 26166 | Orc:1    | Reached skill level 10 in Dodging
 26232 | IceCv    | Entered an ice cave
 26390 | IceCv    | Received a gift from Okawaru
 26614 | Orc:1    | Bought an Inescapable Atlas for 256 gold pieces
 26619 | Orc:1    | Learned a level 4 spell: Manifold Assault
 26799 | Orc:2    | Entered Level 2 of the Orcish Mines
 26822 | Orc:1    | Gained mutation: You are occasionally teleported next to
                  | monsters. [a neqoxec]
 26845 | Orc:1    | Lost mutation: You are occasionally teleported next to
                  | monsters. [potion of mutation]
 26845 | Orc:1    | Gained mutation: You are partially covered in large bone
                  | plates. (SH +4) [potion of mutation]
 26845 | Orc:1    | Gained mutation: Your large and strong wings let you fly.
                  | [potion of mutation]
 27022 | Orc:2    | Found a staircase to the Elven Halls.
 27310 | Orc:2    | Found Xanlyize's Jewellery Boutique.
 27310 | Orc:2    | Found Yluaguwk's Antique Weapon Shoppe.
 27312 | Orc:2    | Found Zuepig's Assorted Antiques.
 27312 | Orc:2    | Found Zataxot's Assorted Antiques.
 27320 | Orc:2    | Bought a potion of curing for 75 gold pieces
 27320 | Orc:2    | Bought a potion of might for 100 gold pieces
 27320 | Orc:2    | Bought a fuming clear potion for 22 gold pieces
 27320 | Orc:2    | Bought a scroll of identify for 50 gold pieces
 27322 | Orc:2    | Bought a heavily runed tin ring for 150 gold pieces
 27322 | Orc:2    | Identified the ring "Liked" {Fly rElec rN+ Str+5} (You
                  | bought it in a shop on level 2 of the Orcish Mines)
 27330 | Orc:2    | Bought the ring of Kaes {AC+4 Int+5} for 695 gold pieces
 27571 | Snake:1  | Entered Level 1 of the Snake Pit
 27680 | Snake:1  | Reached XP level 16. HP: 137/137 MP: 5/21
 27708 | Snake:1  | Noticed Donald
 27958 | Lair:2   | Killed Donald
 27987 | Snake:1  | Reached skill level 15 in Unarmed Combat
 27994 | Snake:1  | Identified the +1 pair of gloves of Okawaru's Hope {+Blink
                  | Will+ Str+2 Stlth-} (Okawaru gifted it to you on level 1 of
                  | the Snake Pit)
 27994 | Snake:1  | Received a gift from Okawaru
 28266 | Snake:1  | Found an iron altar of Okawaru.
 28284 | Snake:1  | Reached skill level 5 in Stealth
 28328 | Snake:1  | Noticed Louise
 28331 | Abyss:3  | Cast into level 3 of the Abyss (Louise)
 28413 | Abyss:3  | Noticed an ancient lich
 28418 | Abyss:3  | Noticed a tentacled starspawn
 28493 | Abyss:3  | Gained mutation: Your magical capacity is low. (-10% MP) [a
                  | neqoxec]
 28512 | Abyss:3  | Noticed a tentacled starspawn
 28529 | Abyss:3  | Killed a tentacled starspawn
 28592 | Abyss:3  | Noticed a tentacled starspawn
 28610 | Abyss:3  | Noticed a profane servitor
 28632 | Abyss:3  | Killed a profane servitor
 28662 | Abyss:3  | Found a corrupted altar of Lugonu.
 28715 | Snake:1  | Escaped the Abyss
 28730 | Snake:1  | Killed Louise
 29467 | Snake:2  | Found Totroski's Armour Boutique.
 29468 | Snake:2  | Identified the +8 quarterstaff "Comekiri" {freeze, Str+5}
                  | (Okawaru gifted it to you on level 2 of the Snake Pit)
 29468 | Snake:2  | Received a gift from Okawaru
 29470 | Snake:2  | Found Wecom's Antique Armour Shop.
 29968 | Snake:3  | Found a large runed translucent door.
 29968 | Snake:3  | Found a large runed translucent door.
 29969 | Snake:3  | Noticed Zapal's ghost (adept DgEE)
 30308 | Snake:3  | Received a gift from Okawaru
 30308 | Snake:3  | Found the +2 pair of slick slippers {slick, slippery, EV+4}
 30309 | Snake:3  | Reached XP level 17. HP: 149/149 MP: 17/20
 31044 | Snake:3  | Found Oteufegh's Jewellery Shop.
 31045 | Snake:3  | Found Voebby's Book Shoppe.
 31045 | Snake:3  | Found Cide Syga's Book Shoppe.
 31055 | Snake:3  | Bought a book of the Warp for 714 gold pieces
 31294 | Snake:3  | Killed Zapal's ghost
 31324 | Snake:4  | Entered Level 4 of the Snake Pit
 31324 | Snake:4  | Noticed Nikola
 31345 | Snake:3  | Killed Nikola
 31681 | Snake:4  | Reached skill level 5 in Spellcasting
 31725 | Snake:4  | Reached skill level 5 in Translocations
 31964 | Snake:4  | Noticed Bai Suzhen
 31981 | Snake:4  | Killed Bai Suzhen
 32326 | Snake:4  | Noticed Vashnia
 32335 | Snake:4  | Killed Vashnia
 32338 | Snake:4  | Received a gift from Okawaru
 32929 | Snake:4  | Got a serpentine rune of Zot
 33351 | Swamp:1  | Entered Level 1 of the Swamp
 33680 | Swamp:1  | Identified the +1 pair of gloves of Least Resistance {rCorr
                  | Str+3 Dex+2} (Okawaru gifted it to you on level 1 of the
                  | Swamp)
 33680 | Swamp:1  | Received a gift from Okawaru
 33785 | Swamp:2  | Reached XP level 18. HP: 158/158 MP: 27/27
 33923 | Swamp:2  | Noticed Mlioglotl
 33937 | Swamp:2  | Killed Mlioglotl
 35192 | Swamp:4  | Entered Level 4 of the Swamp
 35497 | Swamp:4  | Noticed a tentacled monstrosity
 35517 | Swamp:4  | Killed a tentacled monstrosity
 35909 | Swamp:4  | Identified the +4 pair of gloves "Zogreguck" {Drain rF++
                  | rC++} (Okawaru gifted it to you on level 4 of the Swamp)
 35909 | Swamp:4  | Received a gift from Okawaru
 36029 | Swamp:4  | Got a decaying rune of Zot
 36332 | Elf:1    | Entered Level 1 of the Elven Halls
 36366 | Elf:1    | Paralysed by a floating eye for 2 turns
 36406 | Elf:1    | Noticed Aizul
 36424 | Elf:1    | Killed Aizul
 36541 | Elf:1    | Noticed Roxanne
 36559 | Elf:1    | Killed Roxanne
 37086 | Elf:2    | Found Daomongo's Book Shop.
 37100 | Elf:2    | Found a crumbling gateway.
 37112 | Desolati | Entered the Desolation of Salt
 37177 | Desolati | Reached XP level 19. HP: 164/165 MP: 27/27
 37295 | Desolati | Reached skill level 15 in Dodging
 37310 | Desolati | Got the Collected Works on Open Graves
 37632 | Desolati | Identified the +0 pair of boots of Lucidity {rCorr Dex+4}
 37647 | Desolati | Identified the ring of Qakhedurgh {rF+ Str+4}
 37821 | Desolati | Received a gift from Okawaru
 37938 | Desolati | Identified the ring "Jokla" {rF+ rN+++ Will+ MP+9 Dex-4}
 37944 | Desolati | Got the Essays on Meteoric Calefaction
 37974 | Desolati | Identified the +6 long sword "Zoebluic" {flame, rElec rF+++
                  | rC+ Will-}
 38024 | Desolati | Identified the +0 rapier "Kaenlex" {speed, rPois rN+++
                  | Int-3 Stlth+}
 38852 | Elf:2    | Found a huge runed translucent gate.
 38852 | Elf:2    | Found a huge runed translucent gate.
 38852 | Elf:2    | Found a huge runed translucent gate.
 38852 | Elf:2    | Found a huge runed translucent gate.
 38860 | Elf:2    | Found a huge runed translucent gate.
 39610 | Elf:3    | Entered Level 3 of the Elven Halls
 39684 | Elf:3    | Found Vootaj's Antique Weapon Shoppe.
 39720 | Elf:3    | Identified the +8 spear of Imminent Death {drain, Int+2}
 39882 | Elf:3    | Identified the +0 buckler of Ijearcha {rPois Int+3}
                  | (Okawaru gifted it to you on level 3 of the Elven Halls)
 39882 | Elf:3    | Received a gift from Okawaru
 39977 | Elf:3    | Paralysed by an air elemental for 1 turns
 40201 | Elf:3    | Identified the +7 hand axe of Eternal Vigilance {freeze,
                  | Contam rElec rCorr Int+4}
 40208 | Elf:3    | Identified the amulet of Koawnetiv {Acrobat rC+ Int+3}
 40361 | Elf:3    | Identified the ring "Jyitwut" {Wiz rF+}
 40381 | Elf:3    | Identified the +3 quarterstaff "Beastslayer" {freeze, rC++}
 40681 | Elf:3    | Got the Annotations on the Map and Reconstruction
 40697 | Elf:3    | Identified the +5 whip of Gonoud {freeze, *Corrode Int+3}
 40744 | Elf:3    | Identified the +4 plate armour of Dithmenos, Blushing
                  | {Will++}
 40774 | Abyss:3  | Cast into level 3 of the Abyss (a deep elf sorcerer)
 40901 | Abyss:3  | Reached XP level 20. HP: 176/176 MP: 28/28
 41037 | Abyss:3  | Reached skill level 15 in Fighting
 41060 | Elf:3    | Escaped the Abyss
 41270 | Elf:3    | Got Olluxuon's Papyrus of Windy Poisoning
 41314 | Elf:3    | Got the Compilation of Amalgamated Charms
 41340 | Elf:3    | Learned a level 5 spell: Borgnjor's Vile Clutch
 41557 | Elf:3    | Reached skill level 1 in Earth Magic
 41877 | Elf:3    | Identified the +11 short sword of the Living Dead {flame,
                  | rC++ Str+2 Dex-4 SInv}
 41880 | Elf:3    | Got Sif Muna's Grimoire of Brumal Anemomancy
 42247 | Vaults:1 | Entered Level 1 of the Vaults
 42294 | Vaults:1 | Identified the +9 spear of Dyorr {heavy, Dex+2} (Okawaru
                  | gifted it to you on level 1 of the Vaults)
 42294 | Vaults:1 | Received a gift from Okawaru
 42500 | Vaults:1 | Noticed Saint Roka
 42526 | Vaults:1 | Killed Saint Roka
 43143 | Vaults:1 | Identified the +10 shortbow of Valuable Assets {speed, rN+}
                  | (Okawaru gifted it to you on level 1 of the Vaults)
 43143 | Vaults:1 | Received a gift from Okawaru
 43377 | Vaults:1 | Reached skill level 5 in Earth Magic
 43645 | Vaults:2 | Noticed Boris
 43657 | Vaults:2 | Killed Boris
 43664 | Vaults:2 | Noticed Zenata
 44117 | Vaults:1 | Killed Zenata
 44515 | Vaults:2 | Reached skill level 10 in Spellcasting
 44554 | Vaults:2 | Paralysed by a sphinx for 4 turns
 44619 | Vaults:2 | Received a gift from Okawaru
 44646 | Vaults:2 | Noticed Xtahua
 44989 | Vaults:2 | Reached XP level 21. HP: 184/184 MP: 31/31
 45302 | Vaults:2 | Identified the +0 glaive of Hell's Wrath {spect, rC++ Int+4
                  | Dex-3}
 45457 | Vaults:2 | Killed Xtahua
 45511 | Vaults:2 | Reached skill level 10 in Necromancy
 45515 | Vaults:2 | Received a gift from Okawaru
 45539 | Vaults:2 | Reached skill level 1 in Hexes
 45856 | Vaults:3 | Learned a level 8 spell: Borgnjor's Revivification
 45899 | Vaults:3 | Found Coasu's Jewellery Shoppe.
 45907 | Vaults:3 | Bought a talisman of death for 2387 gold pieces
 45936 | Vaults:3 | Reached skill level 5 in Hexes
 45937 | Vaults:3 | Found Ucrairag's General Store.
 46055 | Vaults:3 | Found Leneal's General Store.
 46061 | Vaults:3 | Bought a scroll of fear for 48 gold pieces
 46345 | Vaults:3 | Received a gift from Okawaru
 46659 | Vaults:3 | Found a staircase to the Crypt.
 46659 | Vaults:3 | Found a basalt altar of Yredelemnul.
 46659 | Vaults:3 | Found an ancient bone altar of Kikubaaqudgha.
 46718 | Vaults:3 | You are sucked into a shaft and drop 1 floor!
 46721 | Vaults:4 | Found Askese Utesch's Antique Armour Boutique.
 46968 | Vaults:3 | Upgraded the game from 0.31-a0-344-gd109795599 to
                  | 0.31-a0-345-g1ebeae05c6
 47349 | Vaults:3 | Found Ruhaeshru's Antique Weapon Emporium.
 47410 | Vaults:3 | Found Niff's Armour Boutique.
 48159 | Vaults:4 | Reached XP level 22. HP: 182/193 MP: 24/33
 48160 | Vaults:4 | Identified the +1 hat of the Tundras {rF++ Str+4 Dex-3}
                  | (Okawaru gifted it to you on level 4 of the Vaults)
 48160 | Vaults:4 | Received a gift from Okawaru
 48558 | Vaults:4 | Noticed Jory
 48619 | Vaults:4 | Killed Jory
 48750 | Vaults:4 | Identified the ring "Veor" {AC+4 Str-4 Int+7 Stlth+}
 48817 | Vaults:4 | Learned a level 2 spell: Lesser Beckoning
 49448 | Depths:1 | Entered Level 1 of the Depths
 49514 | Depths:1 | Found a gateway to Hell.
 50046 | Depths:1 | Found an ornate altar of the Wu Jian Council.
 50481 | Depths:2 | Lost mutation: Your magical capacity is low. (-10% MP) [a
                  | shining eye]
 50632 | Depths:1 | Identified the scarf of Broken Taboos {repulsion, Dex+6}
                  | (Okawaru gifted it to you on level 1 of the Depths)
 50632 | Depths:1 | Received a gift from Okawaru
 50889 | Depths:2 | Found a one-way gateway to a ziggurat.
 51376 | Depths:2 | Found a one-way gate leading to the halls of Pandemonium.
 51839 | Depths:2 | Found an iron altar of Okawaru.
 52301 | Depths:2 | Identified the +9 broad axe "Nielarrocoe" {heavy, rElec}
 52347 | Depths:2 | Identified the +1 cloak of Ruvvinn {*Corrode Fly Int+2
                  | Slay+3}
 52359 | Depths:2 | Identified the +0 mace of the Radish {flame, Dex+3}
 52505 | Depths:3 | Noticed a golden dragon
 52509 | Depths:3 | Noticed a juggernaut
 52516 | Depths:3 | Killed a golden dragon
 52544 | Depths:3 | Reached XP level 23. HP: 205/205 MP: 29/37
 52570 | Depths:3 | Killed a juggernaut
 52579 | Depths:3 | Received a gift from Okawaru
 52608 | Depths:3 | Reached skill level 8 in Invocations
 52785 | Depths:3 | Identified the +6 crystal plate armour "Puef" {rCorr Int-5
                  | Dex+4}
 52791 | Depths:3 | Got Cymic's Enchiridion on Cinders and Conjury
 52805 | Depths:3 | Reached skill level 9 in Invocations
 53110 | Depths:3 | Found a one-way gate to the infinite horrors of the Abyss.
 53486 | Depths:3 | Reached skill level 10 in Invocations
 53959 | Depths:3 | Reached skill level 11 in Invocations
 54297 | Depths:4 | Entered Level 4 of the Depths
 54464 | Depths:4 | Noticed a juggernaut
 54470 | Depths:4 | Killed a juggernaut
 54585 | Depths:4 | Reached skill level 12 in Invocations
 54808 | Depths:4 | Identified the +10 great sword "Gelics" {speed, Str+2}
                  | (Okawaru gifted it to you on level 4 of the Depths)
 54808 | Depths:4 | Received a gift from Okawaru
 54905 | Depths:4 | Reached skill level 13 in Invocations
 55081 | Depths:4 | Found a gate to the Realm of Zot.
 55940 | Depths:3 | Voluntarily entered the Abyss.
 55977 | Abyss:3  | Found a corrupted altar of Lugonu.
 55985 | Abyss:3  | Found a corrupted altar of Lugonu.
 55985 | Abyss:3  | Found a corrupted altar of Lugonu.
 55997 | Abyss:3  | Found a corrupted altar of Lugonu.
 56059 | Abyss:3  | Reached skill level 14 in Invocations
 56079 | Abyss:3  | Found a corrupted altar of Lugonu.
 56133 | Abyss:3  | Noticed a dread lich
 56340 | Abyss:3  | Found a corrupted altar of Lugonu.
 56356 | Depths:3 | Escaped the Abyss
 56378 | Depths:3 | Voluntarily entered the Abyss.
 56608 | Abyss:3  | Reached skill level 15 in Invocations
 56679 | Abyss:3  | Noticed a dread lich
 56685 | Abyss:3  | Killed a dread lich
 56804 | Abyss:3  | Reached skill level 16 in Invocations
 56836 | Abyss:3  | Reached XP level 24. HP: 214/214 MP: 37/37
 57049 | Abyss:3  | Received a gift from Okawaru
 57076 | Abyss:3  | Got an abyssal rune of Zot
 57159 | Depths:3 | Escaped the Abyss
 57217 | Zot:1    | Entered Level 1 of the Realm of Zot
 57219 | Zot:1    | Reached skill level 17 in Invocations
 57468 | Zot:1    | Reached skill level 18 in Invocations
 57570 | Zot:1    | Found a large runed translucent door.
 57570 | Zot:1    | Found a large runed translucent door.
 57572 | Zot:1    | Noticed Bealaq's ghost (legendary GnFE)
 57647 | Zot:1    | You are sucked into a shaft and drop 1 floor!
 57664 | Zot:2    | Received a gift from Okawaru
 57918 | Zot:1    | Identified the +6 flail "Lullugri" {pain, *Corrode Int+2
                  | Dex+5}
 58255 | Zot:2    | Reached skill level 19 in Invocations
 58411 | Zot:2    | Identified the +2 double sword "Lecan" {heavy, Fragile
                  | rElec rC+}
 58411 | Zot:2    | Identified the +11 double sword of Evil {venom, *Noise
                  | rElec rN+}
 60294 | Zot:3    | Identified the +0 buckler of Okawaru's Pride {+Blink}
                  | (Okawaru gifted it to you on level 3 of the Realm of Zot)
 60294 | Zot:3    | Received a gift from Okawaru
 60644 | Zot:3    | Noticed an orb of fire
 60654 | Zot:3    | Killed an orb of fire
 60967 | Zot:3    | Identified the amulet of Pride {Spirit Will+ Int-3 Dex+3}
 61156 | Zot:3    | Found a transporter.
 61263 | Zot:4    | Reached XP level 25. HP: 218/218 MP: 28/37
 62587 | Zot:4    | Reached skill level 20 in Invocations
 62977 | Zot:5    | Entered Level 5 of the Realm of Zot
 63053 | Zot:5    | Noticed an orb of fire
 63068 | Zot:5    | Killed an orb of fire
 63078 | Zot:5    | Found a huge runed gate.
 63078 | Zot:5    | Found a huge runed gate.
 63078 | Zot:5    | Found a huge runed gate.
 63079 | Zot:5    | Found a huge runed gate.
 63079 | Zot:5    | Found a huge runed gate.
 63079 | Zot:5    | Found a huge runed gate.
 63080 | Zot:5    | Found a huge runed gate.
 63080 | Zot:5    | Found a huge runed gate.
 63080 | Zot:5    | Found a huge runed gate.
 63080 | Zot:5    | Found a huge runed gate.
 63097 | Zot:5    | Noticed an orb of fire
 63104 | Zot:5    | Killed an orb of fire
 63396 | Zot:5    | Found a huge runed gate.
 63396 | Zot:5    | Found a huge runed gate.
 63396 | Zot:5    | Found a huge runed gate.
 63396 | Zot:5    | Found a huge runed gate.
 63396 | Zot:5    | Found a huge runed gate.
 63396 | Zot:5    | Found a huge runed gate.
 63396 | Zot:5    | Found a huge runed gate.
 63399 | Zot:5    | Found a huge runed gate.
 63401 | Zot:5    | Found a huge runed gate.
 63401 | Zot:5    | Found a huge runed gate.
 63401 | Zot:5    | Found a huge runed gate.
 63403 | Zot:5    | Found a huge runed gate.
 63405 | Zot:5    | Found a huge runed gate.
 63405 | Zot:5    | Found a huge runed gate.
 63405 | Zot:5    | Found a huge runed gate.
 63405 | Zot:5    | Found a huge runed gate.
 63406 | Zot:5    | Found a huge runed gate.
 63407 | Zot:5    | Found a huge runed gate.
 63415 | Zot:5    | Found a huge runed gate.
 63415 | Zot:5    | Found a huge runed gate.
 63415 | Zot:5    | Found a huge runed gate.
 63415 | Zot:5    | Found a huge runed gate.
 63415 | Zot:5    | Found a huge runed gate.
 63415 | Zot:5    | Found a huge runed gate.
 63416 | Zot:5    | Found a huge runed gate.
 63417 | Zot:5    | Found a huge runed gate.
 63439 | Zot:5    | Identified the +0 plate armour of Mysticism {rF+ rC+ Str-2}
 63862 | Zot:5    | Noticed an ancient lich
 63890 | Zot:5    | Killed an ancient lich
 64077 | Zot:5    | Noticed an orb of fire
 64078 | Zot:5    | Gained mutation: Your body sometimes deteriorates upon
                  | taking damage. [an orb of fire]
 64079 | Zot:5    | Noticed a Killer Klown
 64089 | Zot:5    | Killed a Killer Klown
 64089 | Zot:5    | Received a gift from Okawaru
 64091 | Zot:5    | Noticed an orb of fire
 64099 | Zot:5    | Gained mutation: You sometimes lose your temper in combat.
                  | [an orb of fire]
 64100 | Zot:5    | Killed an orb of fire
 64108 | Zot:5    | Killed an orb of fire
 64279 | Zot:5    | Lost mutation: Your large and strong wings let you fly.
                  | [potion of mutation]
 64279 | Zot:5    | Lost mutation: Your body sometimes deteriorates upon taking
                  | damage. [potion of mutation]
 64279 | Zot:5    | Gained mutation: You occasionally lose the ability to drink
                  | potions when taking damage. [potion of mutation]
 64279 | Zot:5    | Gained mutation: You have an increased reservoir of magic.
                  | (+10% MP) [potion of mutation]
 64280 | Zot:5    | Lost mutation: You are partially covered in large bone
                  | plates. (SH +4) [potion of mutation]
 64280 | Zot:5    | Lost mutation: You sometimes lose your temper in combat.
                  | [potion of mutation]
 64280 | Zot:5    | Lost mutation: You occasionally lose the ability to drink
                  | potions when taking damage. [potion of mutation]
 64280 | Zot:5    | Gained mutation: You occasionally lose the ability to read
                  | scrolls when taking damage. [potion of mutation]
 64280 | Zot:5    | Gained mutation: You occasionally lose the ability to drink
                  | potions when taking damage. [potion of mutation]
 64331 | Zot:5    | Noticed a dread lich
 64332 | Zot:5    | Noticed an ancient lich
 64336 | Zot:5    | Killed a dread lich
 64345 | Zot:5    | Killed an ancient lich
 64773 | Zot:5    | Noticed an orb of fire
 64783 | Zot:5    | Gained mutation: You are weak. (Str -2) [an orb of fire]
 64786 | Zot:5    | Killed an orb of fire
 64789 | Zot:5    | Noticed a Killer Klown
 64802 | Zot:5    | Reached XP level 26. HP: 226/236 MP: 32/41
 64810 | Zot:5    | Noticed a dread lich
 64822 | Zot:5    | Killed a dread lich
 64836 | Zot:5    | Received a gift from Okawaru
 64836 | Zot:5    | Found the +3 pair of mountain boots {steadfast, rC+}
 65007 | Zot:5    | Got the Orb of Zot
 65365 | D:13     | Reached skill level 21 in Invocations
 65668 | D:$      | Escaped with the Orb!

Illustrated notes

Levels and vault maps discovered:
D:1:      psy_arrival_dodecagon, layout_rooms, minmay_crystal_water
D:2:      layout_loops_ring, corexii_shack, uniq_jessica,
          uniq_crazy_yiuf_cottage
D:3:      layout_basic, mainiacjoe_overflow_big_doors, uniq_terence
D:4:      layout_gridville, mainiacjoe_overflow_catch_the_wave, temple_statues,
          corexii_corridor_pit, minmay_checkerbox, uniq_eustachio, uniq_grinder
D:5:      layout_layer_cave, nicolae_ossuary_entry_plus
D:6:      layout_rooms, serial_shops, nicolae_book_shop_shelving,
          uniq_blork_the_orc
D:7:      layout_loops_ring, ebering_ghost_xom,
          amcnicky_mini_rare_corridor_liquid, amcnicky_mini_corridor_feature,
          kennysheep_dice
D:8:      layout_basic, uniq_psyche, uniq_maggie, uniq_prince_ribbit1
D:9:      layout_irregular_city, serial_bayou, serial_bayou_pond_e,
          serial_bayou_pond_e, serial_bayou_pond_e, serial_bayou_pond_a,
          serial_bayou_shore_b, serial_bayou_pond_b, serial_shops,
          nicolae_book_shop_shelving
D:10:     layout_basic, lemuel_crystal_altar, kennysheep_little_box,
          enter_bailey_5, hellmonk_ghost_happy_afterlife,
          kennysheep_generic_room_2
D:11:     layout_cave_pools, erik_lair_island, orc_0_dummy, serial_bayou,
          serial_bayou_ford_a, serial_bayou_lagoon_b, serial_bayou_pond_c,
          serial_shops, shop, nicolae_lava_and_water
D:12:     layout_basic, muffindrake_ghost_dual_entry, uniq_kirke
D:13:     layout_grid_maze, minmay_guarded_unrand_zonguldrok
D:14:     layout_loops_corners, david_vaults_5, minmay_misc_feat_encased
D:15:     grunt_enter_depths_giant_problem, layout_loops_corners, nrook_campfire
Temple:   nicolae_temple_elliptical
Lair:1:   lemuel_slime, layout_loops_ring, lemuel_fruit_fields, uniq_amaemon
Lair:2:   layout_regular_city, minmay_snake_entry_guardpost_small,
          grunt_megastairs_5, lemuel_fruit_fields, uniq_sonja
Lair:3:   layout_cave_pods, swamp_mist_pool, uniq_fannar
Lair:4:   layout_cave_shapes, gauntlet_entry_generic
Lair:5:   evilmike_catoblepas_cave, layout_hall_layers,
          dpeg_slime_entry_enclosed, serial_bayou_shore_a
Swamp:1:  layout_falls_marsh, evilmike_swamp_ruin_house_2
Swamp:2:  nicolae_swamp_husk_halls, layout_falls_marsh,
          evilmike_swamp_ruin_house_6, uniq_mlioglotl
Swamp:3:  layout_basic_swamp, evilmike_swamp_ruin_house_5
Swamp:4:  swamp_basic_johnstein, layout_basic_swamp
Snake:1:  layout_misc_corridors, basic_altar, uniq_louise, uniq_donald
Snake:2:  layout_grid_shapes, minmay_shoptagon, grunt_megastairs_2
Snake:3:  layout_onion_interference, ebering_ghost_disaster_area,
          minmay_shop_grove, lemuel_fruit_tree
Snake:4:  johnstein_snake_rune_scales, layout_cave_town, uniq_bai_suzhen,
          uniq_nikola
Orc:1:    layout_caves, portal_ice_cave_entry_pillars_2, serial_shops, shop,
          bh_open_orc_temple, uniq_gastronok
Orc:2:    grunt_orc_tribal_feast, layout_diamond_mine
Elf:1:    layout_loops_cross, uniq_aizul, uniq_roxanne
Elf:2:    elven_hall_of_blades_hangedman_alternative
          [infiniplex_blade_entry_pillars], layout_loops_corners, serial_shops,
          nicolae_shop_tiny_statue_garden, portal_desolation_entry_ruin,
          drop_trap
Elf:3:    grunt_elf_hall_branching, layout_loops_corners, serial_shops, shop,
          einodemon_barbed_minivault
Vaults:1: nicolae_vaults_trapezoid_3, nicolae_vaults_shipping_containers_7,
          nicolae_vaults_closet_pinwheel_2, vaults_room_grunt_arrival_ludios,
          nicolae_vaults_heart-shaped_vault, nicolae_vaults_double_plus_3,
          nicolae_vaults_theta, nicolae_vaults_sesquioval_fish,
          nicolae_vaults_little_squares_3, layout_vaults_ring, uniq_saint_roka
Vaults:2: nicolae_vaults_weapon_check, nicolae_vaults_border_crossing,
          nicolae_vaults_offset_grid_hallway_2, v_rooms_3,
          vaults_standard_mumra_enter_the_diamond, ontoclasm_vaults_pinch,
          ontoclasm_vaults_ligature, v_misc_24,
          nicolae_vaults_doubleplus_tesselated, v_pattern_3, vaults_dpeg_hooks,
          layout_vaults_maze_snakey, uniq_boris, uniq_zenata, uniq_xtahua
Vaults:3: nicolae_vaults_layer_cake_slice, minmay_crypt_entry_necro_gods,
          grunt_vaults_swirl, nicolae_vaults_meeting, v_misc_24, v_rooms_5,
          v_misc_1, nicolae_vaults_alarming, nicolae_vaults_network_star,
          hangedman_vaults_nails, ontoclasm_vaults_decontamination,
          layout_vaults_quadrants, serial_shops, shop, nicolae_shop_crystal,
          shop, shop, shop
Vaults:4: nicolae_vaults_shrinking_rooms_2, vaults_room_pools,
          vaults_room_corners, dpeg_vaults_monster_doublerow,
          vaults_room_corners, hangedman_vaults_cutoff, v_rooms_4,
          nicolae_vaults_heart-shaped_vault, vaults_dpeg_ring,
          vaults_room_pools, vaults_room_pools, nicolae_vaults_cochlea,
          layout_vaults_omnicross, serial_shops, nicolae_shop_statue_plus,
          uniq_jory
Depths:1: layout_cave_pools, hell_entry, nzn_wu_jian_contemplation,
          kennysheep_path_1, hangedman_decor_riveting, ice2_lemuel
Depths:2: evilmike_iron_armoury, layout_long_grid, enter_ziggurat_b, pan_entry,
          nicolae_hell_entry_hellmouth_sunbeams, serial_rivers,
          chequers_serial_rivers_micro_b, chequers_serial_rivers_micro_d,
          chequers_serial_rivers_large_a, chequers_serial_rivers_small_a,
          chequers_serial_rivers_large_b, chequers_serial_rivers_marsh,
          drop_trap
Depths:3: grunt_crosshair, layout_honeycomb, grunt_hell_entry_dis_old,
          rand_demon_pan_entry_4, abyss_entry, nicolae_twisting_strands
Depths:4: grunt_zot_entry_funnels, layout_basic, grunt_pan_entry_in_and_out,
          serial_curves, eino_curves_01, eino_curves_01, hex_medium, hell_entry,
          amcnicky_mini_pool_small
Zot:1:    layout_misc_corridors, ebering_ghost_disaster_area
Zot:2:    lemuel_draconian_sentries, layout_cathedral_of_symmetry,
          nicolae_rock_paper_scissors
Zot:3:    gammafunk_the_bubble [the_bubble_gammafunk_plus_minus], layout_basic
Zot:4:    layout_gridlike, lemuel_golem_globe, grunt_megastairs_4
Zot:5:    layout_misc_corridors, door_vault

Skill      XL: |  1  2  3  4  5  6  7  8  9 10 11 12 13 14 15 16 17 18 19 20 21 22 23 24 25 26 |
---------------+-------------------------------------------------------------------------------+-----
Spellcasting   | 3 8 10 | 10.7
Necromancy     | 5 6 9 11 | 11.9
Shapeshifting  | 1 3 4 6 8 9 10 13 15 16 17 18 19 20 | 20.2
Unarmed Combat | 3 7 9 10 13 14 15 16 17 18 19 | 19.5
Invocations    | 1 5 7 16 19 20 21 | 21.0
Fighting       | 4 7 10 11 13 14 15 17 19 | 19.3
Dodging        | 3 8 10 12 14 16 17 18 19 | 19.3
Translocations | 2 3 8 |  8.0
Stealth        | 4 6 |  6.0
Earth Magic    | 6 7 |  7.5
Hexes          | 6 |  6.3

Action                     |  1- 3 |  4- 6 |  7- 9 | 10-12 | 13-15 | 16-18 | 19-21 | 22-24 | 25-27 || total
---------------------------+-------+-------+-------+-------+-------+-------+-------+-------+-------++-------
  Melee: Dagger            |    12 |       |       |       |       |       |       |       |       ||    12
         Unarmed           |     5 |       |   257 |   589 |   868 |  1097 |  1313 |  1487 |   494 ||  6110
         Tailslap          |     4 |     3 |    60 |    92 |   172 |   189 |   253 |   279 |    93 ||  1145
         Hand axe          |    30 |    58 |   152 |       |       |       |       |       |       ||   240
         Quarterstaff      |       |    22 |       |       |       |       |       |       |       ||    22
         Punch             |       |       |     6 |    39 |    77 |   123 |   181 |   218 |    60 ||   704
         Bite              |       |       |       |     1 |    99 |   126 |   182 |   215 |    65 ||   688
   Cast: Necrotise         |    40 |    26 |    11 |    14 |       |       |       |       |       ||    91
         Blink             |       |       |       |       |     1 |     1 |     2 |       |       ||     4
         Manifold Assault  |       |       |       |       |       |     1 |    55 |   185 |    71 ||   312
         Leda's Liquefacti |       |       |       |       |       |       |     7 |       |       ||     7
         Borgnjor's Vile C |       |       |       |       |       |       |     1 |       |       ||     1
         Lesser Beckoning  |       |       |       |       |       |       |       |    38 |    14 ||    52
 Invoke: Heroism           |       |       |     2 |    15 |    13 |    17 |    13 |     8 |     6 ||    74
         Finesse           |       |       |       |     1 |       |     4 |     2 |     4 |     4 ||    15
Ability: Breathe Frost     |       |       |     8 |    32 |     5 |     3 |     1 |       |       ||    49
  Evoke: Wand              |       |       |       |     5 |       |       |       |     4 |       ||     9
         Lightning rod     |       |       |       |       |       |       |       |     2 |       ||     2
    Use: Potion            |       |     7 |     2 |     7 |     2 |     2 |     6 |       |     9 ||    35
         Scroll            |       |     6 |     4 |    16 |     5 |     5 |     4 |     9 |     5 ||    54
   Stab: Sleeping          |     1 |     1 |     2 |     1 |     2 |    10 |    11 |    10 |     4 ||    42
         Distracted        |       |       |       |       |     3 |     1 |     3 |     3 |     1 ||    11
         Petrified         |       |       |       |       |     4 |       |       |       |       ||     4
         Petrifying        |       |       |       |       |     3 |       |       |       |       ||     3
         Invisible         |       |       |       |       |       |       |       |       |     1 ||     1
 Armour: Skin              |    10 |    43 |   146 |   158 |   484 |   579 |   539 |   534 |   174 ||  2667
  Dodge: Dodged            |    29 |    46 |   231 |   300 |   434 |   744 |  1031 |   730 |   205 ||  3750
  Block: Other             |       |       |    13 |   130 |    16 |       |       |       |       ||   159
         Reflection        |       |       |       |    13 |       |       |       |       |       ||    13
         Tower shield      |       |       |       |       |       |       |       |       |    10 ||    10
   Form: Beast             |     1 |       |       |       |       |       |       |       |       ||     1
                           |       |     1 |       |       |     2 |     1 |     2 |       |       ||     6
         Blade             |       |       |     1 |       |       |       |       |       |       ||     1
         Dragon            |       |       |       |     1 |     2 |     1 |     2 |     1 |     1 ||     8
         Death             |       |       |       |       |       |       |       |     1 |     1 ||     2

Table legend: (Time is in decaauts)
 A = Elapsed time spent in this place.
 B = Non-inter-level travel time spent in this place.
 C = Inter-level travel time spent in this place.
 D = Time resting spent in this place.
 E = Time spent auto-exploring this place.
 F = Levels seen in this place.
 G = Mean time per level.
                   A        B        C        D        E       F      G
               +--------+--------+--------+--------+--------+-----+--------+
         Total |  64062 |  61060 |   3002 |  12350 |  32941 |  56 | 1144.0 |
       Dungeon |  17781 |  16508 |   1273 |   2952 |  10084 |  15 | 1185.4 |
        Temple |     56 |      3 |     53 |      0 |      0 |   1 |   56.0 |
          Lair |   7419 |   7048 |    371 |   1478 |   4345 |   5 | 1483.8 |
         Swamp |   2751 |   2660 |     91 |    164 |   1781 |   4 |  687.8 |
     Snake Pit |   4662 |   4463 |    199 |    432 |   2840 |   4 | 1165.5 |
  Orcish Mines |   1047 |    932 |    115 |      0 |    568 |   2 |  523.5 |
   Elven Halls |   4130 |   4018 |    112 |    705 |   2369 |   3 | 1376.7 |
        Vaults |   6863 |   6592 |    271 |   1266 |   3761 |   4 | 1715.8 |
        Depths |   6494 |   6232 |    262 |   1618 |   3288 |   4 | 1623.5 |
           Zot |   7564 |   7311 |    253 |   2117 |   3359 |   5 | 1512.8 |
         Abyss |   1721 |   1721 |      0 |    209 |      5 |   4 |  430.2 |
       Ossuary |    416 |    416 |      0 |     55 |    183 |   1 |  416.0 |
        Bailey |   1145 |   1145 |      0 |    777 |      0 |   1 | 1145.0 |
      Ice Cave |    339 |    339 |      0 |     31 |     42 |   1 |  339.0 |
    Desolation |   1219 |   1219 |      0 |    445 |    265 |   1 | 1219.0 |
      Gauntlet |    446 |    446 |      0 |     98 |     50 |   1 |  446.0 |
               +--------+--------+--------+--------+--------+-----+--------+

Top non-repeatable levels by time:
  Lair:2: 2151 daAuts
   Zot:2: 2144 daAuts
Vaults:1: 2040 daAuts
Vaults:3: 2022 daAuts
Depths:3: 1988 daAuts
    D:10: 1983 daAuts
   Elf:3: 1908 daAuts
   Zot:4: 1856 daAuts
   Zot:5: 1823 daAuts
     D:9: 1724 daAuts
 Abyss:3: 1721 daAuts
Depths:2: 1688 daAuts
 Snake:4: 1680 daAuts
  Lair:1: 1633 daAuts
   Elf:2: 1587 daAuts
